 Dungeon Crawl Stone Soup version 0.19.1-1-g22dce08 (webtiles) character file.

544 Alarkh the Cleaver (level 7, 57/57 HPs)
             Began as a Mottled Draconian Monk on Jan 17, 2017.
             Quit the game on level 4 of the Dungeon on Jan 18, 2017.
             The game lasted 00:05:18 (3492 turns).

Alarkh the Cleaver (Mottled Draconian Monk)         Turns: 3492, Time: 00:05:19

Health: 57/57      AC:  6    Str: 13    XL:     7   Next: 6%
Magic:  7/7        EV: 16    Int:  9    God:
Gold:   120        SH:  0    Dex: 13    Spells: 0 memorised, 6 levels left

rFire  . . .     SeeInvis .     a - +2 hand axe (chop)
rCold  . . .     Gourm    .     (armour unavailable)
rNeg   . . .     Faith    .     (no shield)
rPois  .         Spirit   .     (helmet restricted)
rElec  .         Reflect  .     (no cloak)
rCorr  .         Harm     .     (no gloves)
MR     .....                    (no boots)
Stlth  ++........               (no amulet)
                                q - +3 ring of evasion
                                d - -4 ring of intelligence (curse)

@: short of breath, very slightly contaminated, hasted, very quick
A: breathe sticky flame splash, unfitting armour, cold-blooded, AC +6
a: Breathe Sticky Flame


You were on level 4 of the Dungeon.
You were not hungry.

You visited 1 branch of the dungeon, and saw 4 of its levels.

You collected 120 gold pieces.

Inventory:

Hand Weapons
 a - a +2 hand axe of chopping (weapon)
 b - a +2 whip of venom
 f - a +0 hand axe
 p - a +0 war axe
Jewellery
 d - a cursed -4 ring of intelligence (left hand)
 q - a +3 ring of evasion (right hand)
Scrolls
 c - a scroll of noise {unknown}
 e - 2 scrolls of identify
 g - a scroll of fog {unknown}
 j - a scroll of immolation {unknown}
 k - a scroll of recharging {unknown}
 s - a scroll of magic mapping {unknown}
Potions
 l - a potion of haste
 r - a potion of might
Comestibles
 h - 2 beef jerkies
 i - 3 fruits
 m - 8 chunks of flesh
 n - 2 meat rations
 o - 2 bread rations


   Skills:
 - Level 3.2 Fighting
 + Level 8.1 Axes
 - Level 2.6 Dodging
 - Level 1.7 Stealth


You had 6 spell levels left.
You didn't know any spells.

Dungeon Overview and Level Annotations

Branches:
Dungeon (4/15)
 Temple: D:4-7

Altars:


Innate Abilities, Weirdness & Mutations

You can spit globs of burning liquid.
You can ignite nearby creatures when you spit burning liquid.
Your weird mottled scales are hard. (AC +6)
You cannot fit into any form of body armour.
You are cold-blooded and may be slowed by cold attacks.


Message History

The orc closely misses you.
Things that are here:
a giant club; an ogre corpse You hit the orc.
The orc is almost dead.
The orc burns!
You kill the orc!
You butcher the ogre corpse.
m - 7 chunks of flesh (gained 4)
You see here a giant club.
Things that are here:
a trident; an orc corpse You butcher the orc corpse.
m - 9 chunks of flesh (gained 2)
You see here a trident.
Eating one of 9 chunks of flesh.
You start eating one of the 9 chunks of flesh.
This raw flesh tastes terrible.
s - a scroll labeled RESHRU YSOEGH Are you sure you want to abandon this character and quit the game? (Confirm with "yes".)

#########.... ..
#...(...#.... ..
#.......#....
.#####.......#.###
.............#.... #..
.........#..## #.#
#.......#..#
##(#####.###+##..#
###.@........#.##..#
................#.##..#
.....####.......#.##..##
.... #.PP....#.##....
... #####.#.#....... ..
#..))......# .
#..........#
#..........#
#....##....#


There were no monsters in sight!

Vanquished Creatures
  The ghost of galech the Covered, an amateur GrFi (D:4)
  An ogre (D:4)
  3 orc wizards
  3 gnolls
  4 adders
  2 oozes
  An adder skeleton (D:4)
  A worm (D:2)
  4 dart slugs
  4 leopard geckos
  11 orcs
  12 bats
  11 goblins
  9 hobgoblins
  7 jackals
  4 quokkas
  2 ball pythons
  9 frilled lizards
  13 kobolds
  6 rats
108 creatures vanquished.

Notes
Turn   | Place    | Note
-------+----------+-------------------------------------------
     0 | D:1      | Alarkh the Draconian Monk began the quest for the Orb.
     0 | D:1      | Reached XP level 1. HP: 19/19 MP: 1/1
    65 | D:1      | Reached XP level 2. HP: 10/26 MP: 2/2
   580 | D:1      | Reached skill level 4 in Axes
   792 | D:1      | Reached XP level 3. HP: 25/31 MP: 3/3
  1213 | D:2      | You fall through a shaft for 2 floors!
  1598 | D:1      | Reached skill level 5 in Axes
  1598 | D:1      | Reached XP level 4. HP: 22/38 MP: 4/4
  2534 | D:3      | Reached XP level 5. HP: 45/45 MP: 5/5
  2690 | D:3      | Reached skill level 6 in Axes
  3193 | D:4      | Noticed galech's ghost (amateur GrFi)
  3270 | D:4      | Reached XP level 6. HP: 46/51 MP: 6/6
  3310 | D:4      | Killed galech's ghost
  3310 | D:4      | Reached skill level 7 in Axes
  3473 | D:4      | Reached skill level 8 in Axes
  3473 | D:4      | Your scales start taking on a weird mottled colour.
  3473 | D:4      | Reached XP level 7. HP: 57/57 MP: 7/7
  3492 | D:4      | Quit the game

Skill      XL: |  1  2  3  4  5  6 |
---------------+-------------------+-----
Axes           | 4 5 6 8 |  8.1
Fighting       | |  3.2
Dodging        | |  2.6
Stealth        | |  1.7

Action                   |  1- 3 |  4- 6 |  7- 9 || total
-------------------------+-------+-------+-------++-------
Melee: Hand axe          |   111 |   163 |     1 ||   275
       Tailslap          |    16 |    16 |       ||    32
       Whip              |       |     4 |       ||     4
 Abil: Breathe Sticky Fl |       |       |     1 ||     1
  Use: Potion            |     1 |     2 |       ||     3
       Scroll            |       |     1 |       ||     1
 Stab: Sleeping          |     3 |     8 |       ||    11
  Eat: Chunk             |     2 |     6 |     1 ||     9
Armor: Skin              |    42 |    30 |       ||    72
Dodge: Dodged            |   111 |   112 |     2 ||   225
